 Dungeon Crawl Stone Soup version 0.29.1-14-g9c671dbff4 (webtiles) character file.

Game seed: 8968283260360651519

87 Heoruswealwe the Shooter (level 4, -3/27 HPs)
             Began as a Kobold Hunter on Feb 16, 2023.
             Was a Believer of Vehumet.
             Slain by Terence
             ... wielding a +1 mace of protection
              (6 damage)
             ... on level 2 of the Dungeon.
             The game lasted 00:26:19 (1698 turns).

Heoruswealwe the Shooter (Kobold Hunter)            Turns: 1698, Time: 00:26:19

Health: -3/27      AC:  4    Str: 10    XL:     4   Next: 80%
Magic:  4/4        EV: 14    Int: 10    God:    Vehumet [**....]
Gold:   83         SH:  0    Dex: 18    Spells: 3/3 levels left

rFire   . . .      SeeInvis .   b - +1 dagger (venom)
rCold   . . .      Faith    .   (no shield)
rNeg    . . .      Spirit   .   c - +0 leather armour
rPois   .          Reflect  .   v - +0 helmet
rElec   .          Harm     .   (no cloak)
rCorr   .          Rampage  .   (no gloves)
Will    .....                   (no boots)
Stlth   +++.......              (no amulet)
HPRegen 0.09/turn               (no ring)
MPRegen 0.09/turn               (no ring)

@: no status effects
A: small, no large weapons, nightstalker 3
a: Renounce Religion


You were on level 2 of the Dungeon.
You worshipped Vehumet.
Vehumet was pleased with you.
You visited 1 branch of the dungeon, and saw 2 of its levels.

You collected 83 gold pieces.

Inventory:

Hand Weapons
 a - a +0 shortbow
 b - a +1 dagger of venom (weapon)
 g - a +0 club
 j - a +0 short sword
 k - a +0 hand axe
 l - a +0 club
 n - a +0 whip
 p - a +0 dagger
 r - a +0 whip
 t - a +0 dagger
 u - a +0 club
 y - a +0 club
 C - a +0 flail
 D - a +0 whip
 G - a +0 dagger
Missiles
 s - 12 stones
 B - 4 poisoned darts
Armour
 c - a +0 leather armour (worn)
 q - a +0 ring mail
 v - a +0 helmet (worn)
 w - a +0 scale mail
 x - a +0 leather armour
 E - a +0 leather armour
 H - a +0 robe
Jewellery
 J - an amulet of guardian spirit
Wands
 A - a wand of digging (5)
Scrolls
 h - a scroll of magic mapping
 o - a scroll of immolation
Potions
 d - 2 potions of berserk rage
 e - a potion of degeneration {unknown}
 f - 2 potions of resistance {unknown}
 i - a potion of haste
 m - a potion of heal wounds
 z - a potion of lignification
 F - a potion of mutation {unknown}


   Skills:
 * Level 2.9 Fighting
 + Level 1.2 Short Blades
 * Level 5.9 Ranged Weapons
 + Level 2.7 Dodging
 * Level 2.9 Stealth
 + Level 1.0 Invocations
 + Level 1.4 Evocations


You had 3 spell levels left.
You didn't know any spells.
Your spell library contained the following spells:

 Spells                   Type           Power      Damage    Failure   Level
 Magic Dart               Conj           0%         1d3       45%         1
 Foxfire                  Conj/Fire      0%         2x1d4     45%         1
 Sandblast                Erth           0%         2d4       45%         1
 Passwall                 Tmut/Erth      0%         N/A       61%         2
 Conjure Flame            Conj/Fire      0%         6-21      83%         3
 Inner Flame              Hex/Fire       0%         N/A       83%         3
 Stone Arrow              Conj/Erth      0%         3d7       83%         3
 Flame Wave               Conj/Fire      0%         2d4       99%         4


Dungeon Overview and Level Annotations

Branches:
Dungeon (2/15)

Altars:
Vehumet

Shops:
D:2 =

Annotations:
D:2 Terence


Innate Abilities, Weirdness & Mutations

You are small and have problems with some larger weapons.
You are completely attuned to the shadows.


Message History

Vehumet accepts your kill.
Your Invocations skill increases to level 1!
Found a blue potion.
e - a blue potion Terence the Incautious comes into view.
He is wielding a +1 mace of protection.
You see here a scroll of torment.
Fire: a) +0 shortbow
Press: ? - help, Q - select action, (/) - cycle Shift-Dir - straight line, f - Terence
Aim: Terence, wielding a +1 mace of protection and wearing a +0 chain mail (71% to hit)
You shoot an arrow.
The arrow hits Terence but does no damage.
Your +1 dagger of venom begins to drip with poison!
b - a +1 dagger of venom (weapon)
You barely miss Terence. Terence barely misses you.
You barely miss Terence. Terence hits you but does no damage.
You hit Terence.
Terence is poisoned.
Terence is lightly wounded.
Terence says, "Don't bother to defend, it's pointless."
Terence hits you but does no damage.
You hit Terence but do no damage.
Terence looks as sick as possible!
Terence is lightly wounded.
Terence barely misses you.
You hit Terence but do no damage.
Terence looks as sick as possible!
Terence is heavily wounded.
Terence hits you with a +1 mace of protection!
You closely miss Terence.
Terence is heavily wounded.
Terence hits you with a +1 mace of protection.
You closely miss Terence.
Terence is heavily wounded.
Terence hits you with a +1 mace of protection.
* * * LOW HITPOINT WARNING * * *
You barely miss Terence.
Terence is severely wounded.
Terence hits you with a +1 mace of protection.
* * * LOW HITPOINT WARNING * * *
You hit Terence but do no damage.
Terence is severely wounded.
Terence hits you with a +1 mace of protection.
You die...

.# .# .#### ..... .....
..###### ..... #......#
.......# #......#
.......# #...@..#
.......# #...@..#
.......# #......#
.......# #......#
###.#..######......###
.##.##........##.....##
.....#................##
#....#.................#
.....#.................#
.....#.................#


You could see Terence (very poisoned).

Vanquished Creatures
  An orc wizard (D:2)
  2 worms (D:2)
  A dart slug (D:1)
  2 orcs (D:2)
  7 ball pythons
  4 bats
  3 endoplasms
  2 giant cockroaches
  5 goblins
  5 hobgoblins
  2 quokkas (D:1)
  5 frilled lizards
  4 kobolds (D:1)
  5 rats
48 creatures vanquished.

Notes
Turn   | Place    | Note
-------+----------+-------------------------------------------
     0 | D:1      | Heoruswealwe the Kobold Hunter began the quest for the Orb.
     0 | D:1      | Reached XP level 1. HP: 12/12 MP: 1/1
   199 | D:1      | Reached XP level 2. HP: 15/18 MP: 2/2
   325 | D:1      | Found a faded altar of an unknown god.
   401 | D:1      | Prayed at the altar of an unknown god.
   401 | D:1      | Became a worshipper of Vehumet
   401 | D:1      | Reached * piety under Vehumet
   401 | D:1      | Offered knowledge of Freeze by Vehumet.
   567 | D:1      | Reached XP level 3. HP: 17/22 MP: 3/3
   637 | D:1      | Reached skill level 1 in Evocations
  1186 | D:2      | Offered knowledge of Magic Dart by Vehumet.
  1279 | D:2      | Found Yvitonwo's Jewellery Emporium.
  1356 | D:2      | Reached ** piety under Vehumet
  1357 | D:2      | Reached XP level 4. HP: 27/27 MP: 4/4
  1492 | D:2      | Reached skill level 1 in Short Blades
  1662 | D:2      | Reached skill level 1 in Invocations
  1686 | D:2      | Noticed Terence
  1698 | D:2      | Slain by Terence

Illustrated notes

Levels and vault maps discovered:
D:1:      lightli_arrival_quake, layout_loops_cross,
          hellmonk_ecumenical_altar_pennies_from_heaven
D:2:      layout_rooms, serial_shops, shop, uniq_terence

Skill      XL: |  1  2  3  4 |
---------------+-------------+-----
Stealth        | 2 |  2.9
Evocations     | 1 |  1.4
Short Blades   | 1 |  1.2
Invocations    | 1 |  1.0
Fighting       | |  2.9
Ranged Weapons | |  5.9
Dodging        | |  2.7

Action                   |  1- 3 |  4- 6 || total
-------------------------+-------+-------++-------
Melee: Dagger            |    21 |     9 ||    30
       Shortbow          |       |     1 ||     1
 Fire: Shortbow          |    76 |    30 ||   106
  Use: Scroll            |     6 |     3 ||     9
       Potion            |     2 |       ||     2
 Stab: Sleeping          |     1 |       ||     1
Armor: Leather armour    |    15 |     3 ||    18
Dodge: Dodged            |    35 |    18 ||    53
